 Dungeon Crawl Stone Soup version 0.24-a0-434-gd57e52fea8 (webtiles) character file.

Game seed: 9817469134234444212

7940 nikopol the Thaumaturge (level 11, 0/55 HPs)
             Began as a Deep Elf Fire Elementalist on June 16, 2019.
             Was a Priest of Vehumet.
             Slain by Erica
             ... wielding a +2 scimitar of flaming
              (1 damage)
             ... on level 8 of the Dungeon.
             The game lasted 00:33:27 (10097 turns).

nikopol the Thaumaturge (DEFE)                     Turns: 10097, Time: 00:33:28

Health: 0/55       AC:  6    Str:  5    XL:     11   Next: 3%
Magic:  1/28       EV: 14    Int: 24    God:    Vehumet [***...]
Gold:   380        SH:  5    Dex: 15    Spells: 16/33 levels left

rFire    . . .     SeeInvis .   s - +1 dagger (freeze)
rCold    . . .     Gourm    .   t - +0 buckler
rNeg     . . .     Faith    .   J - +0 robe
rPois    +         Spirit   .   q - +0 helmet
rElec    .         Reflect  .   j - +0 cloak
rCorr    .         Harm     .   f - +0 pair of gloves
MR       +....                  z - +0 pair of boots {Fly}
Stlth    +++.......             (no amulet)
HPRegen  0.18/turn              u - ring of poison resistance
MPRegen  0.21/turn              H - ring of wizardry

@: flying, slowed, very slow
A: no striking features
a: Renounce Religion, Stop Flying


You were on level 8 of the Dungeon.
You worshipped Vehumet.
Vehumet was most pleased with you.
You were very hungry.

You visited 2 branches of the dungeon, and saw 9 of its levels.

You collected 380 gold pieces.

Inventory:

Hand Weapons
 s - a +1 dagger of freezing (weapon)
Armour
 f - a +0 pair of gloves (worn)
 j - a +0 cloak (worn)
 q - a +0 helmet (worn)
 t - a +0 buckler (worn)
 z - a +0 pair of boots of flying (worn)
 J - a +0 robe (worn)
 N - the +1 ring mail of Unonolo {+Inv rN+++ Regen+ Dex-3, unknown}
   (You found it on level 8 of the Dungeon)

   It affects your dexterity (-3).
   It renders you almost immune to negative energy.
   It lets you turn invisible.
   It increases your rate of regeneration.
Jewellery
 u - a ring of poison resistance (left hand)
 H - a ring of wizardry (right hand)
 K - an uncursed ring of protection from magic {unknown}
Wands
 v - a wand of scattershot (5)
 x - a wand of disintegration (10)
Scrolls
 b - 3 scrolls of enchant armour {unknown}
 e - a scroll of blinking {unknown}
 i - 7 scrolls of remove curse
 k - 2 scrolls of identify
 r - 3 scrolls of teleportation {unknown}
 y - a scroll of fog {unknown}
 C - 2 scrolls of magic mapping {unknown}
 E - 2 scrolls of enchant weapon {unknown}
 F - a scroll of fear {unknown}
 I - a scroll of amnesia {unknown}
 L - a scroll of summoning {unknown}
Potions
 a - a potion of might {unknown}
 d - a potion of berserk rage
 g - a potion of ambrosia {unknown}
 h - 3 potions of invisibility
 l - a potion of brilliance {unknown}
 m - 2 potions of resistance {unknown}
 n - a potion of mutation {unknown}
 o - a potion of magic {unknown}
 p - a potion of cancellation {unknown}
 w - 3 potions of haste
 A - a potion of flight {unknown}
 B - 2 potions of agility
 D - a potion of experience {unknown}
 G - a potion of curing {unknown}
 M - a potion of lignification {unknown}
Comestibles
 c - 15 rations


   Skills:
 + Level 0.9 Fighting
 + Level 4.5 Dodging
 * Level 6.5 Stealth
 + Level 5.1 Shields
 + Level 11.8 Spellcasting
 + Level 8.8 Conjurations
 + Level 10.0 Fire Magic


You had 16 spell levels left.
You knew the following spells:

 Your Spells              Type           Power        Failure   Level  Hunger
a - Flame Tongue          Conj/Fire      #####        1%          1    None
b - Throw Flame           Conj/Fire      ######       1%          2    None
c - Conjure Flame         Conj/Fire      ######..     1%          3    None
d - Sticky Flame          Conj/Fire      ######..     1%          4    None
e - Fireball              Conj/Fire      ######....   1%          5    ###....
f - Throw Frost           Conj/Ice       #####.       1%          2    None

Your spell library contained the following spells:

 Spells                   Type           Power        Failure   Level  Hunger
 Inner Flame              Hex/Fire       #####...     1%          3    None


Dungeon Overview and Level Annotations

Branches:
Dungeon (8/15)             Temple (1/1) D:6
   Lair: D:8-11

Altars:
Ashenzari
Cheibriados
Dithmenos
Elyvilon
Fedhas
Gozag
Hepliaklqana
Kikubaaqudgha
Nemelex Xobeh
Okawaru
Qazlal
Ru
Sif Muna
Trog
Uskayaw
Vehumet
Wu Jian
Xom
Yredelemnul
Zin

Shops:
D:4 }

Annotations:
D:5 1 runed translucent door
D:8 Erica


Message History

Press: ? - help, Shift-Dir - straight line The fireball explodes!
The fireball engulfs Erica.
Erica resists.
Erica is heavily wounded.
Erica burns!
Erica hits you with a +2 scimitar of flaming.
* * * LOW HITPOINT WARNING * * *
Erica burns you.
* * * LOW HITPOINT WARNING * * *
Casting: Fireball (safe; 1% risk of failure)
Confirm with . or Enter, or press ? or * to list all spells.
Aiming: Flame Tongue (safe; 1% risk of failure)
Press: ? - help, Shift-Dir - straight line, f - Erica
Aim: Erica, wielding a +2 scimitar of flaming, wearing a +2 robe of fire resistance and carrying a wand of polymorph (5) (severely wounded, slightly transparent, covered in liquid flames)
The flame tongue hits Erica but does no damage.
Erica is severely wounded.
Erica burns! x2
Erica hits you with a +2 scimitar of flaming!
* * * LOW HITPOINT WARNING * * *
Erica burns you.
You die...

##....)....##.## .#
##...##........##..# #..# .....
##..###............#.###..##.....
##..##..##.....#.....#...........
...............#...#.......(....$
........#)...)....##...........c.
........#..####...###............
............####...#.............
...#........[...@@.......<.......
..###.......รท)..##).....(........
..# #............#....#....#.##..
#.# #......#......<...>...## #
#.##.......#...#..........##
...........#.###............
.............# #.........###
..........#..# #.##......... .....
. #.. ...##.........


You could see Erica (burning).

Vanquished Creatures
  A two-headed ogre (D:4)
  Pikel (D:5)
  A wolf spider zombie (D:7)
  2 centaur zombies (D:7)
  2 hellwings (D:7)
  A hippogriff (D:7)
  Prince Ribbit (D:7)
  Sigmund (D:3)
  Grum (D:8)
  A black bear (D:8)
  An ice beast (D:8)
  An orc warrior (D:7)
  A sky beast (D:5)
  6 ogres
  An eye of draining (D:8)
  A necrophage (D:6)
  3 wolves (D:8)
  4 centaurs
  A big kobold (D:7)
  A wyvern zombie (D:7)
  A bullfrog (D:6)
  3 scorpions
  A wyvern skeleton (D:7)
  A water moccasin skeleton (D:8)
  5 killer bees
  5 wights (D:7)
  A howler monkey (D:4)
  2 bullfrog zombies
  A crimson imp (D:6)
  A jelly (D:6)
  A bullfrog skeleton (D:8)
  4 hounds
  2 orc priests (D:6)
  8 orc wizards
  4 centaur skeletons
  Terence (D:2)
  10 worker ants
  3 hound skeletons
  A worker ant zombie (D:6)
  4 gnolls (D:3)
  13 adders
  2 howler monkey skeletons
  6 shadow imps
  2 oozes (D:1)
  An adder zombie (D:6)
  A worm (D:2)
  3 dart slugs
  6 leopard geckos
  39 orcs
  8 bats
  9 giant cockroaches
  12 goblins
  5 hobgoblins
  5 jackals
  12 kobolds
  2 quokkas
  3 ball pythons
  2 frilled lizards (D:2)
  2 jackal skeletons
  A quokka zombie (D:5)
  19 rats
244 creatures vanquished.

Vanquished Creatures (others)
  An orc (D:5)
  A quokka (D:5)
  A withered plant (D:7)
3 creatures vanquished.

Grand Total: 247 creatures vanquished

Notes
Turn   | Place    | Note
-------+----------+-------------------------------------------
     0 | D:1      | nikopol the Deep Elf Fire Elementalist began the quest for
                  | the Orb.
     0 | D:1      | Reached XP level 1. HP: 10/10 MP: 6/6
   174 | D:1      | Reached XP level 2. HP: 15/15 MP: 6/8
   534 | D:1      | Reached XP level 3. HP: 19/19 MP: 6/10
  1272 | D:2      | Found a shattered altar of Ashenzari.
  1275 | D:2      | Found an ancient bone altar of Kikubaaqudgha.
  1428 | D:2      | Reached skill level 4 in Spellcasting
  1428 | D:2      | Reached XP level 4. HP: 24/24 MP: 7/12
  1557 | D:2      | Noticed Terence
  1566 | D:2      | Killed Terence
  2151 | D:3      | Reached XP level 5. HP: 28/28 MP: 10/14
  2209 | D:3      | Learned a level 2 spell: Throw Flame
  2213 | D:3      | Learned a level 3 spell: Conjure Flame
  2218 | D:3      | Learned a level 4 spell: Sticky Flame
  2254 | D:3      | Noticed Sigmund
  2262 | D:3      | Killed Sigmund
  2262 | D:3      | Reached skill level 5 in Spellcasting
  2262 | D:3      | Reached skill level 5 in Fire Magic
  2262 | D:3      | Reached XP level 6. HP: 23/32 MP: 5/16
  2269 | D:3      | Learned a level 5 spell: Fireball
  3460 | D:4      | Reached skill level 6 in Spellcasting
  3541 | D:4      | Reached XP level 7. HP: 37/37 MP: 13/18
  3642 | D:4      | Noticed a two-headed ogre
  3925 | D:4      | Reached skill level 1 in Shields
  4184 | D:4      | Found Wifubuf's Gadget Emporium.
  4332 | D:4      | Killed a two-headed ogre
  4332 | D:4      | Reached skill level 7 in Spellcasting
  4332 | D:4      | Reached skill level 5 in Conjurations
  4332 | D:4      | Reached XP level 8. HP: 42/42 MP: 7/21
  4606 | D:5      | Entered Level 5 of the Dungeon
  4864 | D:5      | Reached skill level 8 in Spellcasting
  5187 | D:5      | Found a glowing silver altar of Zin.
  5187 | D:5      | Noticed an angel
  5188 | D:5      | Found a runed translucent door.
  5202 | D:5      | Noticed Pikel
  5249 | D:5      | Killed Pikel
  5249 | D:5      | Reached XP level 9. HP: 46/46 MP: 11/23
  6003 | D:6      | Found a staircase to the Ecumenical Temple.
  6020 | Temple   | Entered the Ecumenical Temple
  6113 | Temple   | Became a worshipper of Vehumet
  6170 | D:6      | Reached skill level 9 in Spellcasting
  6195 | D:6      | Found a blossoming altar of Fedhas.
  7397 | D:7      | Reached * piety under Vehumet
  7397 | D:7      | Offered knowledge of Freeze by Vehumet.
  8060 | D:7      | Reached skill level 10 in Spellcasting
  8060 | D:7      | Reached XP level 10. HP: 17/51 MP: 13/26
  8457 | D:7      | Reached skill level 5 in Shields
  8584 | D:7      | Noticed Prince Ribbit
  8587 | D:7      | Killed Prince Ribbit
  8587 | D:7      | Reached ** piety under Vehumet
  8588 | D:7      | Offered knowledge of Shock by Vehumet.
  8619 | D:7      | Reached skill level 5 in Stealth
  8903 | D:7      | Reached skill level 11 in Spellcasting
  9338 | D:8      | Noticed Erica
  9367 | D:8      | Reached skill level 10 in Fire Magic
  9661 | D:8      | Offered knowledge of Throw Frost by Vehumet.
  9666 | D:8      | Learned a level 2 spell: Throw Frost
  9893 | D:8      | Noticed Grum
  9899 | D:8      | Killed Grum
  9899 | D:8      | Reached XP level 11. HP: 55/55 MP: 10/28
  9906 | D:8      | Reached *** piety under Vehumet
 10043 | D:8      | Got a fine ring mail
 10097 | D:8      | HP: 1/55 [Erica/+2 scimitar of flaming (11)]
 10097 | D:8      | Slain by Erica

Levels and vault maps discovered:
D:1:      dpeg_arrival_court, layout_basic, minmay_rat_gold_closets
D:2:      layout_basic, grunt_temple_overflow_open, uniq_terence
D:3:      wad_crossroads, layout_loops_corners, first_ration, minivault_11,
          minmay_misc_feat_columns, uniq_sigmund
D:4:      layout_basic, serial_shops, shop
D:5:      minmay_skewed_foursquare, layout_loops_corners,
          minmay_misc_feat_plants, lemuel_angel_altar, uniq_pikel
D:6:      layout_basic, minmay_temple_entry_proselytizer, fedhas_altar_4
D:7:      cheibrodos_grave_circle, layout_loops_ring, uniq_prince_ribbit1
D:8:      layout_cave_pools, minivault_1, uniq_grum, uniq_erica
Temple:   regret_index_temple_chain_breaker

Skill      XL: |  1  2  3  4  5  6  7  8  9 10 |
---------------+-------------------------------+-----
Fire Magic     | 4 5 6 7 9 10 | 10.0
Conjurations   | 2 3 5 6 7 8 |  8.8
Spellcasting   | 4 5 6 7 8 10 11 | 11.8
Stealth        | 3 4 6 |  6.5
Shields        | 2 3 4 5 |  5.1
Dodging        | 3 4 |  4.5
Fighting       | |  0.9

Action                   |  1- 3 |  4- 6 |  7- 9 | 10-12 || total
-------------------------+-------+-------+-------+-------++-------
Melee: Dagger            |       |       |    32 |       ||    32
 Cast: Flame Tongue      |    86 |   102 |   205 |    62 ||   455
       Throw Flame       |       |     3 |     4 |     9 ||    16
       Conjure Flame     |       |     1 |     2 |       ||     3
       Sticky Flame      |       |     3 |    33 |    32 ||    68
       Fireball          |       |       |       |    21 ||    21
Evoke: Wand              |       |       |     1 |       ||     1
  Use: Scroll            |       |       |     6 |       ||     6
  Eat: Chunk             |     1 |     7 |    15 |     8 ||    31
Armor: Robe              |     3 |     5 |    23 |    12 ||    43
Dodge: Dodged            |    24 |    21 |    47 |    49 ||   141
Block: Buckler           |       |     1 |    20 |    17 ||    38

Table legend:
 A = Non-vault XP
 B = Vault XP
 C = Vault XP percentage of total XP
 D = Non-vault monster count
 E = Vault monster count
 F = Vault count percentage of total count
                 A         B        C        D         E       F
            +---------+---------+-------+---------+---------+-------
      Total |    5915 |    5429 |  47.9 |     204 |      40 |  16.4
            +---------+---------+-------+---------+---------+-------
        D:1 |      55 |       9 |  14.1 |      26 |       9 |  25.7
        D:2 |      84 |      36 |  30.0 |      28 |       1 |   3.4
        D:3 |     204 |     215 |  51.3 |      27 |       5 |  15.6
        D:4 |    1439 |       0 |   0.0 |      20 |       0 |   0.0
        D:5 |     402 |     722 |  64.2 |      19 |       4 |  17.4
        D:6 |     766 |      41 |   5.1 |      27 |       1 |   3.6
        D:7 |    1727 |    3861 |  69.1 |      35 |      16 |  31.4
        D:8 |    1238 |     545 |  30.6 |      22 |       4 |  15.4
            +---------+---------+-------+---------+---------+-------
